 Dungeon Crawl Stone Soup version 0.31.0-12-g77e489cdc1 (webtiles) character file.

Game seed: 9931942043541719951

10 RancidPinata the Sneak (level 2, 0/21 HPs)
             Began as an Octopode Delver on Feb 25, 2024.
             Slain by Duvessa
             ... wielding a +0 rapier
              (7 damage)
             ... on level 5 of the Dungeon.
             The game lasted 00:01:25 (232 turns).

RancidPinata the Sneak (Octopode Delver)             Turns: 232, Time: 00:01:26

Health: 0/21       AC:  1    Str: 11    XL:     2   Next: 20%
Magic:  2/2        EV: 13    Int: 12    God:
Gold:   45         SH:  0    Dex: 13    Spells: 1/1 levels left

rFire   . . .        a - +0 short sword
rCold   . . .        (no shield)
rNeg    . . .        (helmet restricted)
rPois   .            (no amulet)
rElec   .            (no ring)
rCorr   .            (no ring)
SInv    .            (no ring)
Will    .....        (no ring)
Stlth   ++++         (no ring)
HPRegen 0.23/turn    (no ring)
MPRegen 0.08/turn    (no ring)
                     (no ring)

%: no passive effects
@: no status effects
A: almost no armour, amphibious, 8 rings, camouflage 1, gelatinous body 1,
(nimble swimmer 1), tentacles
a: no special abilities


You were on level 5 of the Dungeon.
You visited 1 branch of the dungeon, and saw 2 of its levels.

You collected 45 gold pieces.

Inventory:

Hand Weapons
 a - a +0 short sword (weapon)
Wands
 f - a wand of digging (3)
 h - a wand of mindburst (5)
Scrolls
 b - a scroll of fog
 c - a scroll of revelation
 d - a scroll of fear
Potions
 e - a potion of haste
 g - a potion of curing {unknown}
 i - a potion of enlightenment {unknown}


   Skills:
 * Level 3.2 Fighting
 + Level 2.1 Short Blades
 * Level 2.2 Dodging
 * Level 6.8 Stealth


You had one spell level left.
You didn't know any spells.
Your spell library contained the following spells:

 Spells                   Type           Power      Damage    Failure   Level
 Inner Flame              Hex/Fire       0%         N/A       69%         3
 Irradiate                Conj/Alch      0%         3d11      100%        5
 Ignition                 Fire           0%         3d3       100%        8


Dungeon Overview and Level Annotations

Branches:
Dungeon (6/15)
 Temple: D:4-7

Altars:

Annotations:
D:5 Dowan, Duvessa


Innate Abilities, Weirdness & Mutations

You cannot wear most types of armour.
You are amphibious.
You can wear up to eight rings at the same time.
Your skin changes colour to match your surroundings (Stealth+).
Your rubbery body absorbs attacks. (AC +1, EV +1)
((You are camouflaged when in or above water. (Stealth+)))
You have tentacles for arms and can constrict up to eight enemies at once.


Message History

You barely miss Duvessa. You grab Duvessa. You constrict Duvessa.
Duvessa hits you with a +0 rapier.
Dowan, Brother of Duvessa comes into view.
He is wielding a +0 dagger.
Dowan shouts!
You hit Duvessa. You squeeze Duvessa.
Duvessa is lightly wounded.
You constrict Duvessa. Duvessa hits you with a +0 rapier.
You hit Duvessa.
Duvessa is moderately wounded.
You constrict Duvessa. Duvessa completely misses you.
You hit Duvessa.
Duvessa is moderately wounded.
You constrict Duvessa. Duvessa completely misses you.
You hit Duvessa but do no damage.
Duvessa is moderately wounded.
You constrict Duvessa.
Duvessa escapes!
Duvessa says, "Where magic fails, the sword succeeds!"
Dowan says, "Stay away from my face!"
Duvessa attacks as she pursues you! Duvessa barely misses you.
You closely miss Duvessa. You grab Duvessa.
Duvessa is moderately wounded.
You constrict Duvessa, but do no damage.
Duvessa hits you with a +0 rapier.
You hit Duvessa but do no damage.
Duvessa is moderately wounded.
You constrict Duvessa.
Duvessa says, "Where magic fails, the sword succeeds!"
Duvessa completely misses you.
You hit Duvessa but do no damage. You squeeze Duvessa, but do no damage.
Duvessa is heavily wounded.
You constrict Duvessa, but do no damage.
You hit Duvessa but do no damage.
You tentacle-slap Duvessa, but do no damage.
You squeeze Duvessa, but do no damage.
Duvessa is heavily wounded.
You constrict Duvessa. Duvessa hits you with a +0 rapier!
You hit Duvessa but do no damage.
Duvessa is heavily wounded.
You constrict Duvessa. Duvessa hits you with a +0 rapier!
You die...

....# #.#...##.#
#.# ....#
#.#...##.####.#
... #..........#
... #.....##.#.#
... ........##.#.#
... ..#.....##.#.#
......##....##.#.#
............##.#.#
..........#.##.#@#
..........#..#.#e#
.......#..#.....e#
.............#.###
..........# #.
..>....... ..
.######### ###
..........
###......#


You could see Duvessa and Dowan.

Vanquished Creatures
  A gnoll (D:5)
1 creature vanquished.

Notes
Turn   | Place    | Note
-------+----------+-------------------------------------------
     0 | D:5      | RancidPinata the Octopode Delver began the quest for the
                  | Orb.
     0 | D:5      | Reached XP level 1. HP: 16/16 MP: 1/1
     1 | D:6      | Noticed an ice beast
    38 | D:5      | Noticed a hound
   158 | D:6      | Noticed a gnoll bouda
   164 | D:5      | Reached XP level 2. HP: 11/21 MP: 2/2
   219 | D:5      | Noticed Duvessa
   221 | D:5      | Noticed Dowan
   232 | D:5      | Slain by Duvessa

Illustrated notes

Levels and vault maps discovered:
D:5:      layout_basic, ashenzari_conservatory_becter, serial_shops,
          nicolae_shop_rolling_square, shop, shop, shop, uniq_duvessa,
          uniq_menkaure
D:6:      layout_gridville, nicolae_concentric_dashed_squares_wild, uniq_pikel,
          uniq_sigmund

Action                     || total
---------------------------++-------
  Melee: Short sword       ||    13
         Tentacles         ||     4
         Constrict         ||     3
         Punch             ||     1
 Armour: Skin              ||     7
  Dodge: Dodged            ||     6
